 Dungeon Crawl Stone Soup version 0.21.1-1-g345015f (webtiles) character file.

186 poirepourri the Magician (level 5, 0/31 HPs)
             Began as a Deep Elf Fire Elementalist on May 16, 2018.
             Succumbed to a worker ant's poison
             ... on level 3 of the Dungeon.
             The game lasted 00:04:39 (3262 turns).

poirepourri the Magician (DEFE)                     Turns: 3262, Time: 00:04:40

Health: 0/31       AC:  2    Str: 10    XL:     5   Next: 38%
Magic:  1/15       EV: 13    Int: 21    God:
Gold:   62         SH:  0    Dex: 15    Spells: 7/16 levels left

rFire    . . .     SeeInvis .   h - +0 short sword
rCold    . . .     Gourm    .   (no shield)
rNeg     . . .     Faith    .   a - +0 robe
rPois    .         Spirit   .   (no helmet)
rElec    .         Reflect  .   (no cloak)
rCorr    .         Harm     .   (no gloves)
MR       .....                  (no boots)
Stlth    ++........             (no amulet)
HPRegen  0.10/turn              (no ring)
MPRegen  0.14/turn              (no ring)

@: mighty, lethally poisoned (0 -> -2)
A: no striking features
a: no special abilities


You were on level 3 of the Dungeon.
You were full.

You visited 1 branch of the dungeon, and saw 3 of its levels.

You collected 62 gold pieces.

Inventory:

Hand Weapons
 h - a +0 short sword (weapon)
Armour
 a - a +0 robe (worn)
Wands
 f - a wand of flame (35)
Scrolls
 c - a scroll of remove curse
 d - 3 scrolls of identify
Books
 b - a book of Flames

   Spells                             Type                      Level
   a - Flame Tongue                   Conjuration/Fire             1
   b - Throw Flame                    Conjuration/Fire             2
   c - Conjure Flame                  Conjuration/Fire             3
   d - Inner Flame                    Hexes/Fire                   3
   e - Sticky Flame                   Conjuration/Fire             4
   f - Fireball                       Conjuration/Fire             5
Comestibles
 g - 2 rations


   Skills:
 + Level 2.3 Fighting
 - Level 2.4 Dodging
 - Level 2.4 Stealth
 - Level 6.3 Spellcasting
 - Level 1.1 Conjurations
 - Level 3.2 Fire Magic


You had 7 spell levels left.
You knew the following spells:

 Your Spells              Type           Power        Failure   Level  Hunger
a - Flame Tongue          Conj/Fire      ###..        3%          1    None
b - Throw Flame           Conj/Fire      ###...       6%          2    None
c - Conjure Flame         Conj/Fire      ###.....     12%         3    #......
d - Inner Flame           Hex/Fire       ##......     14%         3    #......


Dungeon Overview and Level Annotations

Branches:
Dungeon (3/15)

Altars:
Nemelex Xobeh


Message History

Confirm with . or Enter, or press ? or * to list all spells.
Aiming: Flame Tongue
Press: ? - help, Shift-Dir - straight line, f/p - adder
Aim: an adder (severely wounded)
The flame tongue misses the adder.
The adder bites you.
* * * LOW HITPOINT WARNING * * *
A dart slug comes into view.
Casting: Flame Tongue
Confirm with . or Enter, or press ? or * to list all spells.
You don't have enough magic to cast that spell.
Unknown command.
Casting: Flame Tongue
Confirm with . or Enter, or press ? or * to list all spells.
You don't have enough magic to cast that spell.
Unknown command.
* * * LOW HITPOINT WARNING * * *
You feel sick. The adder misses you.
A rat comes into view.
The rat closely misses you.
You die...

...........#.####.....
#..####.#.....##.....
.######w##
#.#.....##.....
.........#
#.#.....##.....
########.#
#.##...###..... #####
#.###.##...# #.....
......#rS##.##...#
#.....
.........##.###'##
######
#####.##@.#.###)######
#. ##.#..........# #
#............#
##......)....#
#...........#
#..###.###### #.>....#
########


You could see an adder, a dart slug and a rat.

Vanquished Creatures
  A worker ant (D:3)
  9 adders
  2 oozes
  3 worms (D:2)
  3 dart slugs
  5 leopard geckos
  3 orcs (D:3)
  2 giant cockroaches (D:1)
  8 goblins
  6 hobgoblins
  6 kobolds
  A quokka (D:3)
  2 bats
  2 frilled lizards (D:2)
  4 rats
57 creatures vanquished.

Notes
Turn   | Place    | Note
-------+----------+-------------------------------------------
     0 | D:1      | poirepourri the Deep Elf Fire Elementalist began the quest for the Orb.
     0 | D:1      | Reached XP level 1. HP: 10/10 MP: 6/6
   191 | D:1      | Reached skill level 4 in Spellcasting
   191 | D:1      | Reached XP level 2. HP: 15/15 MP: 5/9
   236 | D:1      | Learned a level 2 spell: Throw Flame
   980 | D:1      | Reached XP level 3. HP: 19/19 MP: 0/11
   985 | D:1      | Learned a level 3 spell: Conjure Flame
  1118 | D:1      | Reached skill level 5 in Spellcasting
  1786 | D:2      | Learned a level 3 spell: Inner Flame
  2268 | D:2      | Reached skill level 6 in Spellcasting
  2268 | D:2      | Reached XP level 4. HP: 22/24 MP: 9/14
  2422 | D:2      | Reached skill level 1 in Fighting
  2879 | D:2      | Reached XP level 5. HP: 29/29 MP: 8/15
  3121 | D:3      | Found a sparkling altar of Nemelex Xobeh.
  3258 | D:3      | HP: 1/31 [poisoned by a worker ant]
  3262 | D:3      | Succumbed to a worker ant's poison

Skill      XL: |  1  2  3  4  5 |
---------------+----------------+-----
Spellcasting   | 4 6 |  6.3
Fighting       | 1 2 |  2.3
Dodging        | |  2.4
Stealth        | |  2.4
Conjurations   | |  1.1
Fire Magic     | |  3.2

Action                   |  1- 3 |  4- 6 || total
-------------------------+-------+-------++-------
Melee: Unarmed           |     1 |     3 ||     4
       Short sword       |       |     7 ||     7
 Cast: Flame Tongue      |    39 |    17 ||    56
       Throw Flame       |    27 |    38 ||    65
       Conjure Flame     |       |     1 ||     1
  Use: Scroll            |     2 |     3 ||     5
       Potion            |       |     2 ||     2
  Eat: Ration            |     1 |     2 ||     3
       Chunk             |       |     1 ||     1
Armor: Robe              |     2 |     5 ||     7
       Skin              |       |     4 ||     4
Dodge: Dodged            |    17 |    14 ||    31
